[ AOE2 MATCH · #465502289 ]
1v1 RMHuns vs Goths
Player's team · WIN
Rival team · LOSS
[ REPLAY ANALYSIS · EXTRACTED FROM THE RECORDED GAME ]
Feudal
13:05
Castle
21:46
Imperial
—
| APM avg | 27.5 |
| APM peak | 78 |
| eAPM avg | 13.2 |
| Villagers / military | 79 / 71 |
Focus
⚔️ 19.2% · 🌾 80.8%
Knight ×56 · Militia ×9 · Fishing Ship ×8 · Archer ×5 · Unknown (2626) ×2 · Scout Cavalry ×1
Feudal
13:42
Castle
28:01
Imperial
—
| APM avg | 21.8 |
| APM peak | 46 |
| eAPM avg | 12.6 |
| Villagers / military | 52 / 35 |
Focus
⚔️ 23.6% · 🌾 76.4%
Fishing Ship ×22 · Archer ×10 · Militia ×10 · Skirmisher ×8 · Spearman ×7 · Unknown (2626) ×4
Match map
Initial resources + every placement click. Lines = walls · curves = elevation contours. ◆ gold · ⬟ stone · ● berries · ✦ relic · ◌ wall gap
Your base· Open — unwalled flank
artdancerhythm's base· Open — 9t gap
Smoothed initial terrain · ◌ = detected wall gap · hover for details
Inputs per minute
— 烨神 - - artdancerhythm
Build order — 烨神
First 150 of 204 actions detected
| 0:36 | Build | Town Center |
| 2:25 | Create | Villager (Male) |
| 2:25 | Create | Villager (Male) |
| 2:26 | Create | Villager (Male) |
| 2:26 | Create | Villager (Male) |
| 2:26 | Create | Villager (Male) |
| 3:53 | Create | Villager (Male) |
| 4:23 | Create | Villager (Male) |
| 5:00 | Create | Villager (Male) |
| 5:01 | Create | Villager (Male) |
| 5:26 | Create | Villager (Male) |
| 5:27 | Create | Villager (Male) |
| 5:27 | Create | Villager (Male) |
| 5:47 | Build | Dock |
| 6:05 | Create | Villager (Male) |
| 6:05 | Create | Villager (Male) |
| 6:37 | Create | Villager (Male) |
| 6:37 | Create | Villager (Male) |
| 6:41 | Create | Fishing Ship |
| 7:15 | Create | Villager (Male) |
| 7:17 | Create | Fishing Ship |
| 7:48 | Create | Fishing Ship |
| 7:48 | Create | Fishing Ship |
| 7:51 | Create | Villager (Male) |
| 8:18 | Create | Villager (Male) |
| 8:22 | Create | Fishing Ship |
| 8:22 | Create | Fishing Ship |
| 8:58 | Create | Villager (Male) |
| 9:02 | Create | Villager (Male) |
| 9:12 | Build | Mining Camp |
| 9:48 | Create | Villager (Male) |
| 10:03 | Create | Fishing Ship |
| 10:26 | Create | Villager (Male) |
| 10:42 | Create | Fishing Ship |
| 10:55 | Research | Feudal Age |
| 11:59 | Build | Barracks |
| 12:55 | Create | Militia |
| 12:56 | Create | Militia |
| 12:56 | Create | Militia |
| 13:05 | Age | Feudal Age |
| 13:05 | Create | Militia |
| 13:10 | Create | Unit 2626 |
| 13:10 | Create | Unit 2626 |
| 13:28 | Build | Stable |
| 13:31 | Create | Villager (Male) |
| 13:31 | Create | Villager (Male) |
| 13:41 | Research | Man-at-Arms (upgrade) |
| 13:42 | Create | Militia |
| 14:02 | Create | Villager (Male) |
| 14:02 | Create | Villager (Male) |
| 14:07 | Create | Villager (Male) |
| 14:10 | Create | Militia |
| 15:00 | Build | Blacksmith |
| 15:02 | Create | Villager (Male) |
| 15:09 | Create | Militia |
| 15:38 | Create | Villager (Male) |
| 15:41 | Research | Scale Mail Armor |
| 15:42 | Research | Forging |
| 15:45 | Create | Scout Cavalry |
| 15:51 | Create | Militia |
| 15:59 | Build | Mill |
| 16:10 | Build | Archery Range |
| 16:36 | Create | Militia |
| 17:28 | Create | Villager (Male) |
| 17:31 | Build | Farm |
| 17:36 | Build | Lumber Camp |
| 18:31 | Create | Villager (Male) |
| 18:33 | Research | Double-Bit Axe |
| 18:39 | Build | Farm |
| 18:41 | Build | Farm |
| 19:03 | Build | Farm |
| 19:06 | Research | Castle Age |
| 21:46 | Age | Castle Age |
| 22:03 | Build | Town Center |
| 22:09 | Create | Villager (Male) |
| 22:09 | Create | Villager (Male) |
| 22:10 | Create | Villager (Male) |
| 22:30 | Create | Archer |
| 22:31 | Create | Archer |
| 22:31 | Create | Archer |
| 22:31 | Create | Archer |
| 22:31 | Create | Archer |
| 22:58 | Build | Archery Range |
| 23:03 | Create | Villager (Male) |
| 23:04 | Create | Villager (Male) |
| 23:04 | Create | Villager (Male) |
| 23:04 | Create | Villager (Male) |
| 23:04 | Create | Villager (Male) |
| 23:08 | Build | Farm |
| 23:11 | Build | Farm |
| 23:14 | Research | Bow Saw |
| 23:58 | Create | Knight |
| 23:58 | Create | Knight |
| 23:59 | Create | Knight |
| 24:17 | Create | Villager (Male) |
| 24:17 | Create | Villager (Male) |
| 24:20 | Build | Farm |
| 24:23 | Build | Farm |
| 24:31 | Create | Knight |
| 24:46 | Build | Farm |
| 24:47 | Build | Farm |
| 24:48 | Build | Farm |
| 24:52 | Build | Farm |
| 24:58 | Research | Horse Collar |
| 25:04 | Research | Wheelbarrow |
| 25:06 | Create | Villager (Male) |
| 25:41 | Create | Villager (Male) |
| 25:42 | Create | Villager (Male) |
| 25:42 | Create | Villager (Male) |
| 25:49 | Build | Town Center |
| 25:54 | Create | Villager (Male) |
| 25:54 | Create | Villager (Male) |
| 27:10 | Build | Farm |
| 27:13 | Create | Villager (Male) |
| 27:14 | Create | Villager (Male) |
| 27:14 | Create | Villager (Male) |
| 27:14 | Create | Villager (Male) |
| 27:14 | Create | Villager (Male) |
| 27:22 | Build | Farm |
| 27:32 | Build | Farm |
| 27:33 | Build | Farm |
| 27:34 | Build | Farm |
| 27:59 | Create | Knight |
| 27:59 | Create | Knight |
| 28:00 | Research | Husbandry |
| 28:07 | Build | Farm |
| 28:10 | Build | Farm |
| 28:13 | Create | Villager (Male) |
| 28:13 | Create | Villager (Male) |
| 28:35 | Create | Knight |
| 28:51 | Research | Heavy Plow |
| 28:57 | Build | Farm |
| 29:01 | Build | Farm |
| 29:04 | Build | Farm |
| 29:08 | Build | Farm |
| 29:21 | Create | Villager (Male) |
| 29:21 | Create | Villager (Male) |
| 29:22 | Create | Villager (Male) |
| 29:34 | Build | Castle |
| 29:37 | Create | Knight |
| 29:46 | Research | Scale Barding Armor |
| 29:52 | Create | Villager (Male) |
| 29:52 | Create | Villager (Male) |
| 30:15 | Create | Villager (Male) |
| 30:15 | Create | Villager (Male) |
| 30:34 | Build | Farm |
| 30:40 | Research | Gold Mining |
| 30:47 | Build | Farm |
| 30:49 | Build | Farm |
| 30:51 | Build | Farm |
Build order — artdancerhythm
First 150 of 183 actions detected
| 0:15 | Build | Town Center |
| 0:35 | Build | House |
| 0:51 | Build | House |
| 2:30 | Research | Loom |
| 2:30 | Create | Villager (Male) |
| 2:31 | Create | Villager (Male) |
| 2:31 | Create | Villager (Male) |
| 2:31 | Create | Villager (Male) |
| 3:47 | Build | Dock |
| 3:54 | Create | Villager (Male) |
| 4:16 | Create | Villager (Male) |
| 4:50 | Create | Villager (Male) |
| 5:11 | Create | Villager (Male) |
| 6:04 | Build | House |
| 6:11 | Create | Villager (Male) |
| 6:48 | Create | Villager (Male) |
| 6:48 | Create | Villager (Male) |
| 6:52 | Build | House |
| 7:09 | Create | Fishing Ship |
| 8:00 | Create | Villager (Male) |
| 8:30 | Build | Mill |
| 8:43 | Build | Mill |
| 8:47 | Create | Villager (Male) |
| 8:47 | Create | Villager (Male) |
| 9:08 | Create | Villager (Male) |
| 9:13 | Create | Fishing Ship |
| 9:41 | Create | Villager (Male) |
| 9:53 | Create | Fishing Ship |
| 10:20 | Create | Villager (Male) |
| 10:23 | Create | Fishing Ship |
| 10:57 | Create | Villager (Male) |
| 11:19 | Build | Barracks |
| 11:32 | Research | Feudal Age |
| 11:47 | Build | Mining Camp |
| 12:08 | Create | Fishing Ship |
| 12:19 | Build | House |
| 12:55 | Create | Militia |
| 12:59 | Create | Fishing Ship |
| 13:06 | Build | House |
| 13:14 | Build | House |
| 13:17 | Create | Militia |
| 13:33 | Create | Fishing Ship |
| 13:42 | Age | Feudal Age |
| 13:43 | Create | Fishing Ship |
| 13:46 | Build | Fish Trap |
| 13:50 | Create | Unit 2626 |
| 13:59 | Create | Villager (Male) |
| 14:06 | Research | Man-at-Arms (upgrade) |
| 14:10 | Build | Farm |
| 14:12 | Build | Farm |
| 14:32 | Create | Militia |
| 14:41 | Create | Militia |
| 14:59 | Create | Villager (Male) |
| 15:12 | Build | Archery Range |
| 15:18 | Create | Villager (Male) |
| 15:22 | Create | Unit 2626 |
| 15:42 | Build | Palisade Gate |
| 15:44 | Build | House |
| 15:47 | Research | Wheelbarrow |
| 15:55 | Build | Lumber Camp |
| 16:00 | Create | Unit 2626 |
| 16:10 | Create | Villager (Male) |
| 16:17 | Create | Skirmisher |
| 16:17 | Create | Skirmisher |
| 16:58 | Build | Palisade Gate |
| 17:17 | Create | Unit 2626 |
| 17:43 | Create | Militia |
| 17:43 | Create | Militia |
| 18:26 | Create | Militia |
| 18:26 | Create | Militia |
| 18:58 | Create | Militia |
| 19:04 | Build | Archery Range |
| 19:29 | Create | Villager (Male) |
| 19:29 | Create | Villager (Male) |
| 19:33 | Build | Farm |
| 19:43 | Create | Archer |
| 20:54 | Create | Archer |
| 20:54 | Create | Archer |
| 21:08 | Create | Villager (Male) |
| 21:20 | Create | Skirmisher |
| 21:48 | Create | Skirmisher |
| 22:17 | Build | Farm |
| 22:17 | Build | Farm |
| 22:29 | Create | Skirmisher |
| 22:41 | Build | Barracks |
| 22:48 | Create | Villager (Male) |
| 22:49 | Create | Villager (Male) |
| 22:52 | Research | Gold Mining |
| 22:55 | Create | Skirmisher |
| 23:01 | Create | Fishing Ship |
| 23:01 | Create | Fishing Ship |
| 23:08 | Build | Fish Trap |
| 23:21 | Create | Villager (Male) |
| 23:45 | Create | Skirmisher |
| 23:45 | Create | Skirmisher |
| 24:00 | Create | Militia |
| 24:22 | Build | House |
| 24:23 | Build | House |
| 24:30 | Build | Farm |
| 24:49 | Build | Blacksmith |
| 25:04 | Create | Villager (Male) |
| 25:20 | Research | Castle Age |
| 25:28 | Build | House |
| 25:29 | Build | House |
| 25:41 | Research | Double-Bit Axe |
| 25:56 | Build | Mining Camp |
| 26:08 | Research | Fletching |
| 26:32 | Create | Archer |
| 26:33 | Create | Archer |
| 26:40 | Create | Spearman |
| 26:40 | Create | Spearman |
| 27:08 | Create | Spearman |
| 27:16 | Create | Fishing Ship |
| 27:16 | Create | Fishing Ship |
| 27:17 | Create | Fishing Ship |
| 27:25 | Research | Stone Mining |
| 27:32 | Create | Spearman |
| 27:35 | Create | Archer |
| 27:48 | Build | House |
| 27:53 | Research | Forging |
| 28:01 | Age | Castle Age |
| 28:04 | Research | Pikeman (upgrade) |
| 28:18 | Create | Villager (Male) |
| 28:47 | Build | Town Center |
| 28:56 | Create | Villager (Male) |
| 28:56 | Create | Villager (Male) |
| 29:11 | Research | Crossbowman (upgrade) |
| 29:22 | Create | Fishing Ship |
| 29:37 | Create | Fishing Ship |
| 29:37 | Create | Fishing Ship |
| 29:56 | Create | Archer |
| 29:56 | Create | Archer |
| 30:01 | Create | Villager (Male) |
| 30:03 | Create | Villager (Male) |
| 30:33 | Create | Villager (Male) |
| 30:34 | Create | Villager (Male) |
| 30:37 | Build | Farm |
| 30:40 | Create | Fishing Ship |
| 31:02 | Build | Farm |
| 31:04 | Create | Villager (Male) |
| 31:09 | Create | Villager (Male) |
| 31:16 | Build | Lumber Camp |
| 31:28 | Create | Fishing Ship |
| 31:37 | Create | Villager (Male) |
| 31:37 | Create | Villager (Male) |
| 31:51 | Create | Villager (Male) |
| 32:00 | Build | Farm |
| 32:01 | Create | Fishing Ship |
| 32:07 | Build | Fish Trap |
| 32:15 | Create | Villager (Male) |
Match timeline
| 3:47 | artdancerhythm · first_building Dock |
| 5:47 | 烨神 · first_building Dock |
| 11:19 | artdancerhythm · first_building Barracks |
| 11:59 | 烨神 · first_building Barracks |
| 13:05 | 烨神 · age_up feudal |
| 13:28 | 烨神 · first_building Stable |
| 13:42 | artdancerhythm · age_up feudal |
| 15:12 | artdancerhythm · first_building Archery Range |
| 16:10 | 烨神 · first_building Archery Range |
| 21:46 | 烨神 · age_up castle |
| 28:01 | artdancerhythm · age_up castle |
| 29:34 | 烨神 · first_building Castle |
| 33:39 | artdancerhythm · wall_segment Palisade Wall x1 |
| 36:37 | artdancerhythm · first_building Castle |
| 38:35 | artdancerhythm · resign |
[ AI ANALYSIS · 1 CREDIT ]
What really happened in this match?
Wolo.gg analyzes every decision: build order, eco, micro, common mistakes by bracket. Personalized analysis on WhatsApp or Discord in 30 seconds.
Civ guide
Huns
Map guide
Nomad
Perfil
Jugador #22090321